[Event "Titled Tuesday Blitz June 28 Early 2022"]
[White "Coelho, Ramyres Santana"]
[Black "Flynn, Jacob"]
[WhiteFideId "2120690"]
[BlackFideId "2509393"]
[WhiteElo "1888"]
[BlackElo "1896"]
[Result "1-0"]
[Round "09"]
[TimeControl "180+1"]
[Date "2022.06.28"]
[WhiteClock "0:00:06"]
[BlackClock "0:00:06"]

1. e4 e5 2. Nf3 Nc6 3. d4 exd4 4. Bc4 Nf6 5. e5 d5 6. Bb5 Ne4 7. Nxd4 Bd7 8. Bxc6 bxc6 9. O-O Bc5 10. f3 Ng5 11. f4 Ne4 12. Nc3 Nxc3 13. bxc3 Bb6 14. f5 c5 15. e6 cxd4 16. exd7+ Qxd7 17. Re1+ Kf8 18. Ba3+ Kg8 19. f6 dxc3+ 20. Kh1 g6 21. Re7 Qf5 22. Qe2 h5 23. Rf1 Qg4 24. Re8+ Kh7 25. Qe7 Raxe8 26. Qxf7+ Kh6 27. Qg7+ Kg5 28. Bc1+ Be3 29. Bxe3+ Rxe3 30. f7 Rf8 31. Qxf8 Re2 32. Rg1 Rf2 33. Qd8+ Kh6 34. f8=Q+ Rxf8 35. Qxf8+ Kg5 36. Qe7+ Kh6 37. Qe3+ Kh7 38. Qxc3 Qf4 39. Qf3 Qe5 40. Rf1 c5 41. Qf7+ Kh6 42. Qf2 d4 43. Qf4+ Qxf4 44. Rxf4 Kg5 45. Rf7 Kg4 46. Rc7 1-0


[Site "https://www.chess.com"]

[Event "Titled Tuesday Blitz June 28 Early 2022"]
[White "Costachi, Mihnea"]
[Black "Kupervaser, Erez"]
[WhiteFideId "1217518"]
[BlackFideId "2814587"]
[WhiteElo "2476"]
[BlackElo "1832"]
[Result "1-0"]
[Round "09"]
[TimeControl "180+1"]
[Date "2022.06.28"]
[WhiteClock "0:02:17"]
[BlackClock "0:02:28"]

1. e4 Nf6 2. e5 Nd5 3. d4 d6 4. exd6 cxd6 5. Nf3 g6 6. h4 Bg7 7. h5 Nc6 8. c4 Nb6 9. h6 Bf6 10. d5 Na5 11. Nc3 O-O 12. Nd2 Qc7 13. Nce4 Bf5 14. Nxf6+ exf6 15. Be2 Naxc4 16. Nxc4 Nxc4 17. O-O Nxb2 18. Bxb2 1-0


[Site "https://www.chess.com"]

[Event "Titled Tuesday Blitz June 28 Early 2022"]
[White "D`Arruda, Ricardo D."]
[Black "Mosutha, Thuso"]
[WhiteFideId "100692"]
[BlackFideId "11302550"]
[WhiteElo "2459"]
[BlackElo "2028"]
[Result "1-0"]
[Round "09"]
[TimeControl "180+1"]
[Date "2022.06.28"]
[WhiteClock "0:00:17"]
[BlackClock "0:00:01"]

1. d4 Nf6 2. Nf3 e6 3. Bf4 d5 4. e3 Be7 5. Nbd2 O-O 6. c3 c5 7. Bd3 cxd4 8. exd4 Nc6 9. O-O Nh5 10. Be3 h6 11. Re1 f5 12. Ne5 Qe8 13. f4 Nxe5 14. dxe5 g5 15. fxg5 hxg5 16. Nf3 Qg6 17. g4 Nf4 18. Bxf4 gxf4 19. Kh1 Kh8 20. gxf5 exf5 21. Qe2 Bc5 22. Nd4 Bxd4 23. cxd4 Be6 24. Rg1 Qh6 25. Qf3 Rg8 26. Rxg8+ Rxg8 27. Rf1 Rg3 28. Qe2 Re3 29. Qd1 Qh3 30. Be2 Rg3 31. Rf2 Bf7 32. Bf3 Qh4 33. Qd2 Rg5 34. Bg2 Rh5 35. Qxf4 Qe7 36. Bf3 Rh4 37. Qxf5 Rxd4 38. Rg2 Rh4 39. Qf6+ Qxf6 40. exf6 Rf4 41. Rf2 Rxf6 42. Kg2 d4 43. Bxb7 Rxf2+ 44. Kxf2 Bxa2 45. Kf3 Bb1 46. Be4 Ba2 47. Bd3 Bd5+ 48. Kf4 Bg2 49. Ke5 Kg7 50. Kxd4 Kf6 51. Be4 Bf1 52. h4 Kg7 53. Kc5 Kh6 54. Bf3 Bd3 55. Kc6 Bf1 56. Kb7 a6 57. Kb6 Kg6 58. Ka5 Bd3 59. Kb4 Kh6 60. Kc3 Bf1 61. Kd2 Bb5 62. Be2 Bd7 63. Ke3 1-0


[Site "https://www.chess.com"]

[Event "Titled Tuesday Blitz June 28 Early 2022"]
[White "Daneshvar, Bardiya"]
[Black "Sevian, Samuel"]
[WhiteFideId "12576468"]
[BlackFideId "2040506"]
[WhiteElo "2303"]
[BlackElo "2692"]
[Result "0-1"]
[Round "09"]
[TimeControl "180+1"]
[Date "2022.06.28"]
[WhiteClock "0:00:02"]
[BlackClock "0:00:43"]

1. b3 a5 2. e4 a4 3. Nf3 e6 4. bxa4 d5 5. e5 Bd7 6. d4 Bxa4 7. Bd3 Ne7 8. O-O Ng6 9. Nc3 Bd7 10. Ne2 Be7 11. g3 c5 12. c3 Nc6 13. h4 h6 14. Be3 O-O 15. h5 Nh8 16. dxc5 f6 17. Bd4 Nf7 18. exf6 Bxf6 19. Bxf6 Qxf6 20. Ned4 e5 21. Nxc6 bxc6 22. Nh4 e4 23. Bxe4 Ng5 24. Bg2 Qxc3 25. Ng6 Rf7 26. a4 Qxc5 27. Ne5 Re7 28. Nxd7 Rxd7 29. Qd3 Kh8 30. Kh1 Qd6 31. a5 Ne6 32. a6 Nc5 33. Qf5 Rxa6 34. Rxa6 Nxa6 35. Re1 Rd8 36. Re6 Qd7 37. Qe5 Nc5 38. Rxh6+ Kg8 39. Rg6 Re8 40. Qc3 Ne4 41. Bxe4 Rxe4 42. h6 Qh3+ 43. Kg1 d4 44. Qa5 Rg4 45. Qd8+ Kf7 46. Rxc6 Rxg3+ 47. fxg3 Qxg3+ 48. Kf1 Qf3+ 49. Ke1 Qxc6 50. hxg7 Qe4+ 51. Kd1 Kxg7 52. Qd7+ Kf6 53. Qd6+ Kf5 54. Qf8+ Kg4 55. Qg7+ Kf3 56. Qf7+ Ke3 57. Qa7 Qb1# 0-1


[Site "https://www.chess.com"]

[Event "Titled Tuesday Blitz June 28 Early 2022"]
[White "Dixit, Arun"]
[Black "Ciuffoletti, Paolo"]
[WhiteFideId "30937671"]
[BlackFideId "807630"]
[WhiteElo "2386"]
[BlackElo "2143"]
[Result "0-1"]
[Round "09"]
[TimeControl "180+1"]
[Date "2022.06.28"]
[WhiteClock "0:00:56"]
[BlackClock "0:01:07"]

1. d4 d5 2. c4 c6 3. Nf3 Nf6 4. Qc2 g6 5. Nc3 Bg7 6. Bf4 dxc4 7. a4 Nd5 8. Bd2 O-O 9. g3 Bf5 10. e4 Nb4 11. Qc1 Bg4 12. Ne5 Bxe5 13. dxe5 Bf3 14. Rg1 N8a6 15. Bxc4 Nc5 16. Kf1 Qd4 17. Be2 Ncd3 18. Qb1 Qxf2# 0-1


[Site "https://www.chess.com"]

[Event "Titled Tuesday Blitz June 28 Early 2022"]
[White "Djabri,Massinas"]
[Black "Janaszak, Dawid"]
[WhiteFideId "7905726"]
[BlackFideId "1119206"]
[WhiteElo "1941"]
[BlackElo "2199"]
[Result "0-1"]
[Round "09"]
[TimeControl "180+1"]
[Date "2022.06.28"]
[WhiteClock "0:00:58"]
[BlackClock "0:01:53"]

1. d4 Nf6 2. Bf4 g6 3. e3 Bg7 4. Nf3 d6 5. h3 c5 6. c3 Qb6 7. Qb3 Be6 8. Qa3 O-O 9. Nbd2 Nc6 10. Bh2 cxd4 11. exd4 Bd5 12. Be2 e5 13. O-O exd4 14. cxd4 Nxd4 15. Nxd4 Qxd4 16. Nf3 Qb6 17. Qxd6 Rfe8 18. Qxb6 axb6 19. Bb5 Re4 20. Rfe1 Rxe1+ 21. Rxe1 Ne4 0-1


[Site "https://www.chess.com"]

[Event "Titled Tuesday Blitz June 28 Early 2022"]
[White "Dubov, Daniil"]
[Black "Andreikin, Dmitry"]
[WhiteFideId "24126055"]
[BlackFideId "4158814"]
[WhiteElo "2791"]
[BlackElo "2736"]
[Result "1-0"]
[Round "09"]
[TimeControl "180+1"]
[Date "2022.06.28"]
[WhiteClock "0:00:05"]
[BlackClock "0:00:10"]

1. d4 Nf6 2. Nf3 e6 3. Bg5 h6 4. Bxf6 Qxf6 5. e4 d6 6. Nbd2 Nd7 7. Bc4 a6 8. c3 g5 9. Nf1 Qe7 10. Ne3 b5 11. Bd3 Bb7 12. a4 b4 13. cxb4 Bg7 14. O-O h5 15. Rc1 Rc8 16. h3 g4 17. hxg4 hxg4 18. Nxg4 Nf6 19. Nxf6+ Qxf6 20. Re1 Qh6 21. Kf1 f5 22. d5 O-O 23. dxe6 Bxb2 24. Rc2 Ba3 25. e7 Rfe8 26. exf5 Qh1+ 27. Ke2 Qxg2 28. Bc4+ Kg7 29. Qd4+ Kh7 30. Qh4+ Kg7 31. Qd4+ Kh7 32. Rh1+ Qxh1 33. Ng5+ Kh6 34. Qf6+ Kh5 35. Qg6+ Kh4 36. f6 Bxb4 37. Qh6+ Kg4 38. Be6+ Kf4 39. Nh3+ Ke5 40. Qf4+ Kxe6 41. Ng5+ Kd5 42. Qf5+ Kd4 43. Ne6# 1-0


[Site "https://www.chess.com"]

[Event "Titled Tuesday Blitz June 28 Early 2022"]
[White "Dwilewicz, Katarzyna"]
[Black "Horak, Martin"]
[WhiteFideId "1148486"]
[BlackFideId "367095"]
[WhiteElo "1907"]
[BlackElo "1997"]
[Result "1-0"]
[Round "09"]
[TimeControl "180+1"]
[Date "2022.06.28"]
[WhiteClock "0:00:04"]
[BlackClock "0:00:06"]

1. e4 c5 2. Nf3 d6 3. d4 cxd4 4. Nxd4 Nf6 5. Nc3 Nc6 6. Bc4 e6 7. Be3 a6 8. Qe2 Bd7 9. Bb3 Rc8 10. O-O-O Qa5 11. Kb1 b5 12. Nxc6 Bxc6 13. Nd5 Bxd5 14. exd5 e5 15. f4 e4 16. Bd4 Be7 17. Bxf6 Bxf6 18. Qxe4+ Kf8 19. g4 g6 20. g5 Bd8 21. Rhe1 Qb6 22. h4 h6 23. f5 hxg5 24. fxg6 Rc7 25. h5 Kg7 26. gxf7 Rxf7 27. Qg6+ Kf8 28. Re6 Rg8 29. Qh6+ Rgg7 30. Rde1 Re7 31. Qh8+ Kf7 32. Rxe7+ Bxe7 33. Rxe7+ Kf6 34. Qxg7+ Kf5 35. Rf7+ Kg4 36. a3 a5 37. Qc3 a4 38. Qf3+ Kh4 39. Qf2+ Qxf2 40. Rxf2 axb3 41. h6 g4 42. h7 g3 43. h8=Q+ 1-0


[Site "https://www.chess.com"]

[Event "Titled Tuesday Blitz June 28 Early 2022"]
[White "Estrada Nieto, Julian"]
[Black "Donatti, Alvaro"]
[WhiteFideId "5101018"]
[BlackFideId "3000303"]
[WhiteElo "2252"]
[BlackElo "2138"]
[Result "1/2-1/2"]
[Round "09"]
[TimeControl "180+1"]
[Date "2022.06.28"]
[WhiteClock "0:01:35"]
[BlackClock "0:01:08"]

1. e4 c5 2. Nf3 e6 3. c3 d5 4. exd5 exd5 5. d4 Nc6 6. Bb5 Nf6 7. O-O Be7 8. dxc5 O-O 9. Be3 Bg4 10. Nbd2 a6 11. Be2 Re8 12. Nb3 Ne4 13. Re1 f5 14. Nfd4 Bxe2 15. Rxe2 g6 16. Nxc6 bxc6 17. Bd4 Bf6 18. Qd3 Qd7 19. Rae1 Bxd4 20. cxd4 a5 21. f3 Ng5 22. Rxe8+ Rxe8 23. Rxe8+ Qxe8 24. Nxa5 Qe1+ 25. Qf1 Qxa5 26. Qe2 Nf7 27. h3 Qxa2 28. Qe8+ Kg7 29. Qxc6 Qc4 30. Kh1 Qxd4 31. Qb5 Qc4 32. Qb6 Qc1+ 33. Kh2 Qf4+ 34. Kh1 Qc1+ 35. Kh2 Qf4+ 36. Kh1 Qc1+ 1/2-1/2


[Site "https://www.chess.com"]

[Event "Titled Tuesday Blitz June 28 Early 2022"]
[White "Fernandez Siles, Luis"]
[Black "Ivanov, Mike"]
[WhiteFideId "2209420"]
[BlackFideId "2613158"]
[WhiteElo "2211"]
[BlackElo "2182"]
[Result "0-1"]
[Round "09"]
[TimeControl "180+1"]
[Date "2022.06.28"]
[WhiteClock "0:00:01"]
[BlackClock "0:00:04"]

1. e4 g6 2. Nc3 Bg7 3. f4 c6 4. Bc4 d5 5. exd5 b5 6. Bb3 b4 7. Nce2 cxd5 8. d4 Nf6 9. Nf3 Ne4 10. Ng3 Ba6 11. a3 bxa3 12. Rxa3 O-O 13. Be3 e6 14. Nxe4 dxe4 15. Ne5 Qh4+ 16. g3 Qh3 17. Kf2 Bb7 18. Qf1 Qxf1+ 19. Rxf1 Rd8 20. Rfa1 a6 21. c3 Bf8 22. g4 Bxa3 23. Rxa3 Nc6 24. Nc4 Rab8 25. g5 Ne7 26. Ne5 Nf5 27. Bc1 Bd5 28. Bc2 Ra8 29. Ng4 Rdb8 30. Nf6+ Kg7 31. b4 e3+ 32. Bxe3 Nxe3 33. Kxe3 Rc8 34. Bd3 Bc4 35. Nd7 Bxd3 36. Kxd3 Ra7 37. Nc5 Rca8 38. Ra5 h6 39. h4 hxg5 40. hxg5 Kf8 41. Ke4 Ke7 42. Ke5 Rc8 43. Ra4 Rcc7 44. Rxa6 Rxa6 45. Nxa6 Rxc3 46. Nc5 Re3+ 47. Ne4 Rb3 48. d5 exd5 49. Nf6 Re3+ 50. Kd4 Re1 51. Nxd5+ Kd6 52. Nf6 Rb1 53. Ne4+ Kc6 54. Ke5 Rxb4 55. Ng3 Kd7 56. f5 Rb5+ 57. Kf6 gxf5 58. Nxf5 Ke8 59. Ng7+ Kf8 60. Nf5 Rb6+ 61. Ke5 Re6+ 62. Kf4 Rg6 63. Kg4 Ke8 64. Nh4 Ra6 65. Kf5 Ke7 66. g6 Ra5+ 67. Kg4 Ra4+ 68. Kh5 Ra5+ 69. Kg4 f6 70. Nf5+ Kf8 71. g7+ Kg8 72. Kf4 Ra4+ 73. Kf3 Kf7 74. Kg3 Rb4 75. Kf3 Ra4 76. Kg3 Ra8 77. Kf4 Kg6 0-1


[Site "https://www.chess.com"]

[Event "Titled Tuesday Blitz June 28 Early 2022"]
[White "Gallegos Diaz, Carlos Alberto"]
[Black "Thiel, Thomas"]
[WhiteFideId "3900886"]
[BlackFideId "4615964"]
[WhiteElo "2362"]
[BlackElo "2245"]
[Result "1-0"]
[Round "09"]
[TimeControl "180+1"]
[Date "2022.06.28"]
[WhiteClock "0:02:17"]
[BlackClock "0:01:55"]

1. e4 d5 2. d3 dxe4 3. dxe4 e5 4. Qxd8+ Kxd8 5. Be3 c6 6. Nd2 Kc7 7. O-O-O Be6 8. Bc4 Bxc4 9. Nxc4 f6 10. f4 Nd7 11. Nf3 b5 12. Ncd2 exf4 13. Bxf4+ Kb7 14. Nc4 Rd8 15. Nd6+ Bxd6 16. Rxd6 1-0


[Site "https://www.chess.com"]

[Event "Titled Tuesday Blitz June 28 Early 2022"]
[White "Garcia Cuenca, Victor"]
[Black "Valle Maytin, Luis Enrique"]
[WhiteFideId "2250829"]
[BlackFideId "3503666"]
[WhiteElo "2317"]
[BlackElo "2333"]
[Result "1-0"]
[Round "09"]
[TimeControl "180+1"]
[Date "2022.06.28"]
[WhiteClock "0:01:20"]
[BlackClock "0:01:31"]

1. b3 d5 2. Bb2 Nf6 3. e3 e6 4. Nf3 Be7 5. d4 O-O 6. c4 c5 7. cxd5 exd5 8. Be2 Nc6 9. Nc3 a6 10. O-O Be6 11. dxc5 Bxc5 12. Rc1 Be7 13. Nd4 Rc8 14. Na4 Nxd4 15. Qxd4 b5 16. Nc5 Qd6 17. b4 Qb6 18. g4 h6 19. h4 Ne8 20. Nxe6 Qxe6 21. Rxc8 Qxc8 22. Qxd5 Bxh4 23. Rc1 Qd8 24. Qxd8 Bxd8 25. Rc6 Be7 26. a3 a5 27. bxa5 Nd6 28. Be5 Nb7 29. a6 Nd8 30. Rc8 Bxa3 31. a7 1-0


[Site "https://www.chess.com"]

[Event "Titled Tuesday Blitz June 28 Early 2022"]
[White "Gardezi, Arsal"]
[Black "Matveeva, Olga"]
[WhiteFideId "30949521"]
[BlackFideId "24107018"]
[WhiteElo "1781"]
[BlackElo "2052"]
[Result "0-1"]
[Round "09"]
[TimeControl "180+1"]
[Date "2022.06.28"]
[WhiteClock "0:01:01"]
[BlackClock "0:01:53"]

1. e4 e6 2. d4 d5 3. Nd2 c5 4. Ngf3 cxd4 5. exd5 Qxd5 6. Bc4 Qd6 7. O-O Nf6 8. Nb3 Nc6 9. Nbxd4 Nxd4 10. Nxd4 a6 11. Bb3 Qc7 12. c3 Bd6 13. h3 O-O 14. Qf3 Bd7 15. Bg5 Bh2+ 16. Kh1 Be5 17. Rfe1 h6 18. Bh4 Bxd4 19. cxd4 Bc6 20. Qc3 Qf4 21. Bg3 Qg5 22. Re5 Qg6 23. Bc2 Ne4 24. Qd3 Nxf2+ 25. Bxf2 Qxg2# 0-1


[Site "https://www.chess.com"]

[Event "Titled Tuesday Blitz June 28 Early 2022"]
[White "Golubovskis, Maksims"]
[Black "Starozhilov, Leonid"]
[WhiteFideId "11608528"]
[BlackFideId "14106752"]
[WhiteElo "2102"]
[BlackElo "2414"]
[Result "0-1"]
[Round "09"]
[TimeControl "180+1"]
[Date "2022.06.28"]
[WhiteClock "0:01:28"]
[BlackClock "0:01:24"]

1. e4 Nc6 2. Nf3 d6 3. d4 Nf6 4. Nc3 g6 5. Be2 Bg7 6. O-O Bg4 7. Be3 O-O 8. d5 Bxf3 9. Bxf3 Ne5 10. Be2 c6 11. f4 Ned7 12. dxc6 bxc6 13. Qd2 a5 14. Rad1 Rb8 15. b3 Qc7 16. Bf3 Rfd8 17. g4 Nc5 18. Bxc5 dxc5 19. Qe3 Nxg4 20. Qxc5 Qxf4 21. Bxg4 Qxg4+ 22. Kh1 Rxd1 23. Nxd1 Qxe4+ 0-1


[Site "https://www.chess.com"]

[Event "Titled Tuesday Blitz June 28 Early 2022"]
[White "Gundam, Rohit"]
[Black "Hoffmann, Asa"]
[WhiteFideId "75002809"]
[BlackFideId "2001470"]
[WhiteElo "2336"]
[BlackElo "2117"]
[Result "0-1"]
[Round "09"]
[TimeControl "180+1"]
[Date "2022.06.28"]
[WhiteClock "0:00:05"]
[BlackClock "0:00:28"]

1. d4 Nf6 2. Nf3 d6 3. c4 c6 4. Nc3 Bf5 5. Nh4 Bd7 6. e4 e5 7. Nf3 Qc7 8. h3 Be7 9. Be3 O-O 10. Qd2 a6 11. a4 a5 12. Be2 Na6 13. O-O Nb4 14. b3 Rfe8 15. dxe5 dxe5 16. Qb2 h6 17. Rfd1 Rad8 18. Rd2 Be6 19. Rad1 Rxd2 20. Qxd2 Rd8 21. Qc1 Rxd1+ 22. Qxd1 Nd7 23. Bd3 Bc5 24. Bxc5 Nxc5 25. Bb1 f6 26. Nd2 Qd7 27. Qe2 Qd4 28. Qe3 Qxe3 29. fxe3 Kf7 30. Kf2 Ke7 31. Ke2 Kd6 32. Na2 Nba6 33. Nc3 Nd7 34. Bc2 Kc5 35. Ndb1 Kb4 36. Na2+ Kc5 37. Kd2 b5 38. cxb5 cxb5 39. Nac3 bxa4 40. bxa4 Kb4 41. Kc1 Nac5 42. Kb2 Bc4 43. g3 Nb6 44. h4 Nbxa4+ 45. Bxa4 Nxa4+ 46. Nxa4 Kxa4 47. Kc3 Be6 48. Nd2 Kb5 49. Nb1 a4 50. Na3+ Kc5 51. Nb1 Bg4 52. Nd2 Be2 53. Nb1 h5 54. Nd2 g6 55. Nb1 f5 56. Nd2 Bf3 57. exf5 gxf5 58. Nb1 Kd5 59. Nd2 Bd1 60. Kb4 Bc2 61. Kc3 Bd1 62. Kb4 Ke6 63. Kc3 f4 64. exf4 exf4 65. gxf4 Kf5 66. Nf1 Kxf4 67. Kd2 Bg4 68. Ne3 Kg3 69. Nc4 Kxh4 70. Ke1 Kg3 71. Kf1 h4 72. Kg1 h3 73. Nd2 h2+ 74. Kh1 Bf3+ 75. Nxf3 Kxf3 76. Kxh2 0-1


[Site "https://www.chess.com"]

[Event "Titled Tuesday Blitz June 28 Early 2022"]
[White "Hartikainen, Jarmo"]
[Black "Piliczewski, Bogusz"]
[WhiteFideId "503134"]
[BlackFideId "1104144"]
[WhiteElo "2148"]
[BlackElo "1896"]
[Result "0-1"]
[Round "09"]
[TimeControl "180+1"]
[Date "2022.06.28"]
[WhiteClock "0:00:05"]
[BlackClock "0:00:26"]

1. e4 c6 2. d4 d5 3. Nc3 dxe4 4. Nxe4 Bf5 5. Ng3 Bg6 6. h4 h6 7. Bc4 e6 8. N1e2 Bd6 9. Nf4 Bxf4 10. Bxf4 Nf6 11. c3 Nd5 12. Bd2 Nd7 13. Qe2 N7f6 14. Bd3 Bxd3 15. Qxd3 Qc7 16. O-O-O O-O-O 17. Rhe1 Nf4 18. Qf3 g5 19. Bxf4 Qxf4+ 20. Qxf4 gxf4 21. Ne4 Nd5 22. c4 Ne7 23. c5 Nf5 24. g4 fxg3 25. fxg3 Rxd4 26. Rxd4 Nxd4 27. Nd6+ Kd7 28. Nxf7 Rg8 29. Ne5+ Ke7 30. g4 Rg7 31. Re4 Nb5 32. h5 Rg5 33. Ng6+ Kf6 34. b4 a5 35. Rf4+ Kg7 36. Re4 axb4 37. Rxe6 Rxg4 38. Re7+ Kf6 39. Rxb7 Rc4+ 40. Kb1 Rxc5 41. Rh7 Rxh5 42. Nf8 Rh2 43. Nd7+ Kg6 44. Re7 Nc3+ 45. Kc1 Nxa2+ 46. Kd1 Nc3+ 47. Kc1 b3 48. Re6+ Kf7 49. Rf6+ Ke7 50. Rxc6 Rc2# 0-1


[Site "https://www.chess.com"]

[Event "Titled Tuesday Blitz June 28 Early 2022"]
[White "Harvey, Marcus R"]
[Black "Przybylski, Wojciech"]
[WhiteFideId "400092"]
[BlackFideId "1117599"]
[WhiteElo "2485"]
[BlackElo "2133"]
[Result "1-0"]
[Round "09"]
[TimeControl "180+1"]
[Date "2022.06.28"]
[WhiteClock "0:00:19"]
[BlackClock "0:00:03"]

1. d4 Nf6 2. c4 e6 3. Nc3 Bb4 4. e3 O-O 5. Bd2 d5 6. Rc1 c6 7. Nf3 Nbd7 8. Bd3 Re8 9. O-O dxc4 10. Bxc4 e5 11. Bxf7+ Kxf7 12. Qb3+ Kf8 13. Qxb4+ Qe7 14. Qb3 e4 15. Ng5 h6 16. Nh3 Nb6 17. Nf4 Bf5 18. Nce2 Nbd5 19. Ng3 Bh7 20. Nxd5 Nxd5 21. f3 exf3 22. e4 Bxe4 23. Rce1 Kg8 24. Rxe4 fxg2 25. Rfe1 Qf7 26. Rxe8+ Rxe8 27. Rxe8+ Qxe8 28. Kxg2 Qf7 29. Qf3 Nf6 30. b3 Qd7 31. Nf5 Qe6 32. Ng3 Qd6 33. Be3 a5 34. Qf5 b5 35. Qe5 Qd7 36. h3 Nd5 37. Bf2 a4 38. Nf5 Qb7 39. Nd6 Qd7 40. Qe8+ Qxe8 41. Nxe8 Nb4 42. bxa4 bxa4 43. a3 Nc2 44. d5 cxd5 45. Bc5 d4 46. Kf3 d3 47. Nd6 g5 48. Ne4 h5 49. Nxg5 Kg7 50. Ne4 Kg6 51. Nc3 Kf5 52. Nxa4 Ke5 53. Nc3 h4 54. a4 Ke6 55. a5 Kd7 56. a6 Kc7 57. a7 Kb7 58. Bf2 Ka8 59. Ke4 d2 60. Kd3 Ne1+ 61. Kxd2 Nf3+ 62. Kd3 Ng5 63. Nb5 1-0


[Site "https://www.chess.com"]

[Event "Titled Tuesday Blitz June 28 Early 2022"]
[White "Hollan, Petr"]
[Black "Pinheiro, Iung Alicio de O."]
[WhiteFideId "360945"]
[BlackFideId "2104350"]
[WhiteElo "2284"]
[BlackElo "2283"]
[Result "1-0"]
[Round "09"]
[TimeControl "180+1"]
[Date "2022.06.28"]
[WhiteClock "0:01:21"]
[BlackClock "0:00:02"]

1. e4 c5 2. Nf3 Nc6 3. d4 cxd4 4. Nxd4 e5 5. Nb5 d6 6. c4 Be7 7. Be2 Nf6 8. f3 O-O 9. O-O Be6 10. Be3 Nh5 11. g3 g6 12. f4 exf4 13. gxf4 Ng7 14. N1c3 f5 15. Nd4 Bd7 16. exf5 Nxf5 17. Nxf5 Bxf5 18. Bf3 Bf6 19. Qd5+ Kg7 20. Rad1 Qe7 21. Bf2 Rad8 22. Rfe1 Qf7 23. Qxf7+ Rxf7 24. Nb5 Bxb2 25. Nxd6 Rfd7 26. Ne8+ Kh6 27. Bh4 Rxe8 28. Rxe8 Rxd1+ 29. Bxd1 Bd4+ 30. Kg2 Kg7 31. Bf3 Bc5 32. Bxc6 bxc6 33. Bf2 Bb6 34. Bxb6 axb6 35. Rb8 Bd3 36. Rxb6 Bxc4 37. a4 Bd5+ 38. Kf2 Kf6 39. a5 Kf5 40. a6 c5 41. Rb5 Kxf4 42. Rxc5 Ba8 43. a7 h5 44. Rc8 Bd5 45. a8=Q Bxa8 46. Rxa8 g5 47. Ra4+ Kf5 48. h4 gxh4 49. Rxh4 Kg5 50. Kg3 Kg6 51. Kf4 Kh6 52. Kf5 1-0


[Site "https://www.chess.com"]

[Event "Titled Tuesday Blitz June 28 Early 2022"]
[White "Ismayil, Malak"]
[Black "Coto Mederos, Michel"]
[WhiteFideId "13412604"]
[BlackFideId "3508528"]
[WhiteElo "1879"]
[BlackElo "2427"]
[Result "1-0"]
[Round "09"]
[TimeControl "180+1"]
[Date "2022.06.28"]
[WhiteClock "0:00:17"]
[BlackClock "0:00:06"]

1. e4 e5 2. Nf3 Nf6 3. Nxe5 d6 4. Nf3 Nxe4 5. Nc3 Nxc3 6. dxc3 Be7 7. Bc4 Nc6 8. O-O Bg4 9. h3 Bh5 10. Bf4 O-O 11. Be2 Re8 12. Qd2 Bf6 13. Rae1 Ne5 14. Nxe5 Bxe2 15. Nxf7 Kxf7 16. Rxe2 Rxe2 17. Qxe2 Qd7 18. Re1 c6 19. Qd3 g6 20. Qxd6 Qxd6 21. Bxd6 Rd8 22. Bf4 Rd5 23. Bc1 a6 24. c4 Rd4 25. b3 Rd7 26. Bf4 g5 27. Be3 Bc3 28. Re2 Kg6 29. Bc5 Rd1+ 30. Kh2 Rc1 31. a4 h5 32. Be3 Rd1 33. Bb6 Rc1 34. Bc7 h4 35. g3 Kf5 36. gxh4 gxh4 37. Bd8 Be5+ 38. Kg2 Bf6 39. Bxf6 Kxf6 40. Kf3 Kf5 41. Rd2 Rh1 42. Kg2 Rc1 43. Rd7 Rxc2 44. Rxb7 Rb2 45. Rb6 c5 46. Rxa6 Rxb3 47. Rc6 Rb4 48. Rxc5+ Kf4 49. a5 Ra4 50. Rh5 Ke4 51. Rxh4+ Kf5 52. Rh5+ Kg6 53. Rc5 Kf6 54. h4 Ke6 55. h5 Kf6 56. h6 Kg6 57. Rc6+ Kh7 58. a6 Ra5 59. Rc7+ Kxh6 60. a7 Kg6 61. c5 Kf5 62. Rb7 Ke6 63. c6 Ra6 64. c7 Kd7 65. Rb8 Kxc7 66. a8=Q Rxa8 67. Rxa8 1-0


[Site "https://www.chess.com"]

[Event "Titled Tuesday Blitz June 28 Early 2022"]
[White "Jeet, Jain"]
[Black "Dankhazi, Andras"]
[WhiteFideId "5073022"]
[BlackFideId "714267"]
[WhiteElo "2055"]
[BlackElo "2325"]
[Result "0-1"]
[Round "09"]
[TimeControl "180+1"]
[Date "2022.06.28"]
[WhiteClock "0:00:07"]
[BlackClock "0:00:11"]

1. d4 d6 2. Nf3 Bg4 3. e3 c6 4. h3 Bxf3 5. Qxf3 Nf6 6. b3 e6 7. Bb2 d5 8. Nd2 Bd6 9. Bd3 Nbd7 10. O-O Qe7 11. e4 dxe4 12. Nxe4 Nxe4 13. Qxe4 Nf6 14. Qf3 Ba3 15. Bc3 Bb4 16. Bb2 Ba3 17. Bc3 O-O 18. Rad1 Rfd8 19. Ba1 Bd6 20. Rfe1 a5 21. a4 Bb4 22. Re5 Bd6 23. Re2 Qc7 24. g4 Nd5 25. Re4 Bb4 26. Bf1 Nf6 27. Re2 Bd6 28. h4 Nd5 29. Re4 Nf6 30. Re2 Nd5 31. h5 h6 32. c4 Nb4 33. Bg2 Bf4 34. Re4 Bg5 35. Qe2 Rd7 36. Rf1 Bf4 37. Qf3 Bg5 38. Qe2 Rad8 39. f4 Bf6 40. Rd1 c5 41. d5 Bxa1 42. Rxa1 exd5 43. cxd5 Nxd5 44. Re8+ Kh7 45. Be4+ g6 46. hxg6+ fxg6 47. Bxg6+ Kxg6 48. Qe6+ Nf6 49. Qf5+ Kg7 50. Re6 Rf7 51. g5 Ng8 52. Qg6+ Kf8 53. Rf1 hxg5 0-1


[Site "https://www.chess.com"]

[Event "Titled Tuesday Blitz June 28 Early 2022"]
[White "Jiganchine, Roman"]
[Black "Zochowski, Kacper"]
[WhiteFideId "2603667"]
[BlackFideId "1125494"]
[WhiteElo "2289"]
[BlackElo "2214"]
[Result "0-1"]
[Round "09"]
[TimeControl "180+1"]
[Date "2022.06.28"]
[WhiteClock "0:01:06"]
[BlackClock "0:01:38"]

1. Nf3 Nf6 2. c4 e6 3. Nc3 d5 4. e3 Bb4 5. cxd5 exd5 6. Be2 O-O 7. O-O c6 8. d4 h6 9. Ne5 Bf5 10. Bd2 Nbd7 11. a3 Bd6 12. f4 Ne4 13. Nxe4 Bxe4 14. Bf3 f5 15. Bc3 Nxe5 16. dxe5 Bc5 17. Bd4 Qb6 18. Qd2 Bxd4 19. exd4 c5 20. dxc5 Qxc5+ 21. Kh1 Rac8 22. Rac1 Qb6 23. h3 Rfd8 24. Kh2 Rc6 25. Rxc6 bxc6 26. b4 c5 27. bxc5 Qxc5 28. Rc1 Qxa3 29. Bxe4 fxe4 30. Qd4 Qxc1 31. e6 Qxf4+ 0-1


[Site "https://www.chess.com"]

[Event "Titled Tuesday Blitz June 28 Early 2022"]
[White "Jovic, Stanoje"]
[Black "Jia, Haoxiang"]
[WhiteFideId "905020"]
[BlackFideId "8602999"]
[WhiteElo "2286"]
[BlackElo "2617"]
[Result "0-1"]
[Round "09"]
[TimeControl "180+1"]
[Date "2022.06.28"]
[WhiteClock "0:00:08"]
[BlackClock "0:00:24"]

1. c4 Nf6 2. g3 g6 3. Bg2 Bg7 4. Nc3 O-O 5. Nf3 d6 6. O-O e5 7. d3 Nbd7 8. Rb1 a5 9. a3 c6 10. b4 axb4 11. axb4 Qc7 12. e4 Rd8 13. h3 Nf8 14. Be3 Ne6 15. Ra1 Bd7 16. Qb3 Be8 17. Na4 Nd7 18. Rfc1 Nd4 19. Nxd4 exd4 20. Bg5 Rdb8 21. h4 Ne5 22. c5 dxc5 23. bxc5 Ra5 24. Nb6 Rb5 25. Qa3 Bf8 26. Bf4 f6 27. Bxe5 fxe5 28. Bh3 Bf7 29. Nd7 Rd8 30. Nxf8 Rxf8 31. Rab1 Ra5 32. Qb4 Ra7 33. Qb6 Qxb6 34. Rxb6 Ra3 35. Bf1 Rc3 36. Ra1 Rxc5 37. Rxb7 Be6 38. Raa7 Rf7 39. Rxf7 Bxf7 40. f4 exf4 41. gxf4 Rc2 42. Rc7 c5 43. Bg2 c4 44. dxc4 d3 45. Bf3 Bxc4 46. e5 Bb3 47. Rb7 Be6 48. Be4 Rc1+ 49. Kf2 d2 50. Bf3 d1=Q 51. Bxd1 Rxd1 52. Re7 Bf5 53. h5 Rd3 54. hxg6 hxg6 55. Rc7 Kf8 56. Ra7 Rd4 57. Ke3 Rd3+ 58. Kf2 Rd7 59. Ra6 Ke7 60. Kg3 Rd3+ 61. Kh4 Rh3+ 62. Kg5 Rh5# 0-1


[Site "https://www.chess.com"]